AoeStats
← AndresB818

Arena

508317371Analyzed
2v2 RM · 9d ago on Sep 21, 2026· 29m 54s· 4 players
Game mode
Random Map
Map size
Medium (4 player)
Population
200
Speed
Normal
Resources
Standard
Victory
Conquest
Starting age
Dark Age
Ending age
Imperial Age
RankedLock teamsTeams togetherTeam positionsShared explorationLock speedFull tech treeHidden civsTurbo modeCheats
Victory
Defeat
🇦🇷 Turks · Argentina
1055
+12
🇦🇷 Bohemians · Argentina
1051
+12
🇦🇷 Italians · Argentina
1000
-14
🇦🇷 Franks · Argentina
911
-10
LinkStated
11:03 Feudal Age
13:45 Loom
15:50 Gold Mining
15:50 Double-Bit Axe
17:07 Wheelbarrow
18:54 Castle Age
18:26 Wheelbarrow
18:31 Town Watch
28:08 Bow Saw
29:29 Hand Cart
AndresB818
10:27 Feudal Age
14:42 Castle Age
12:46 Double-Bit Axe
13:43 Loom
16:58 Horse Collar
24:37 Fletching
24:48 Padded Archer Armor
25:24 Gold Mining
Limón
11:44 Feudal Age
12:20 Horse Collar
17:30 Castle Age
17:00 Bloodlines
16:58 Scale Barding Armor
16:43 Loom
20:59 Husbandry
22:20 Fletching
22:30 Padded Archer Armor
23:07 Double-Bit Axe
23:24 Bodkin Arrow
24:51 Wheelbarrow
25:14 Sanctity
32:41 Imperial Age
Theminer
10:37 Feudal Age
10:37 Loom
14:44 Castle Age
14:05 Horse Collar
15:49 Loom
16:27 Town Watch
16:50 Double-Bit Axe
23:49 Wheelbarrow
27:55 Heavy Plow
Connection lost

Rejoining the realm…

Still unreachable

The connection could not be restored.

Session expired

The server has moved on; the page needs a fresh start.